 Dungeon Crawl Stone Soup version 0.30-a0-568-g124715a40b (webtiles) character file.

Game seed: 152706890275709866

67 drugrobin the Sneak (level 3, 0/30 HPs)
             Began as a Demigod Delver on Dec 29, 2022.
             Succumbed to an adder's poison
             ... on level 5 of the Dungeon.
             The game lasted 00:06:53 (1375 turns).

drugrobin the Sneak (Demigod Delver)                Turns: 1375, Time: 00:06:54

Health: 0/30       AC:  3    Str: 13    XL:     3   Next: 72%
Magic:  5/5        EV: 12    Int: 12    God:
Gold:   46         SH:  0    Dex: 19    Spells: 2/2 levels left

rFire   . . .      SeeInvis .      - Unarmed
rCold   . . .      Faith    .    (no shield)
rNeg    . . .      Spirit   .    a - +0 leather armour
rPois   .          Reflect  .    (no helmet)
rElec   .          Harm     .    (no cloak)
rCorr   .          Rampage  .    (no gloves)
Will    .....                    (no boots)
Stlth   +++                      (no amulet)
HPRegen 0.25/turn                (no ring)
MPRegen 0.09/turn                (no ring)

@: lethally poisoned (0 -> -5), flying
A: high MP 1, forlorn, divine attributes
a: no special abilities


You were on level 5 of the Dungeon.
You visited 1 branch of the dungeon, and saw 1 of its levels.
You also visited: Sewer.

You collected 46 gold pieces.

Inventory:

Armour
 a - a +0 leather armour (worn)
Wands
 f - a wand of digging (2)
Scrolls
 b - 3 scrolls of fog
 c - 2 scrolls of magic mapping
 h - a scroll of identify
Potions
 d - 3 potions of flight


   Skills:
 - Level 2.6 Fighting
 - Level 1.7 Dodging
 - Level 4.5 Stealth
 + Level 3.9 Unarmed Combat


You had 2 spell levels left.
You didn't know any spells.
Your spell library was empty.

Dungeon Overview and Level Annotations

Branches:
Dungeon (5/15)              Sewer (visited)
 Temple: D:4-7

Annotations:
D:5 exclusion: iguana, Prince Ribbit


Innate Abilities, Weirdness & Mutations

You have an increased reservoir of magic. (+10% MP)
You shall have no god before yourself.
Your divine heritage dramatically boosts your attributes as you level up.


Message History

Unknown command.
Unknown command.
Unknown command.
You escape the ball python's grasp.
You feel sick.
You are no longer poisoned.
The adder bites you.
* * * LOW HITPOINT WARNING * * *
You are poisoned.
The adder poisons you! The ball python bites you.
* * * LOW HITPOINT WARNING * * *
The ball python grabs you. The ball python constricts you.
* * * LOW HITPOINT WARNING * * *
The ball python barely misses you.
Unknown command.
Unknown command.
Unknown command.
Unknown command.
Unknown command.
You escape the ball python's grasp.
Found a metallic golden potion.
You feel sick. The river rat misses you. The adder bites you.
* * * LOW HITPOINT WARNING * * *
You are lethally poisoned!
The adder poisons you!
Unknown command.
Unknown command.
Unknown command.
Unknown command.
Unknown command.
The ball python attacks as you move away!
The ball python bites you but does no damage.
The ball python closely misses you.
* * * LOW HITPOINT WARNING * * *
You feel sick.
Unknown command.
Unknown command.
Unknown command.
Unknown command.
Unknown command.
The river rat attacks as you move away! The river rat closely misses you.
You die...

#............
#............
###.......!....
..............
#..........$.
#............
###............
#..[...@.......
#.........#####
#....SSr..#
####......S..# .
#..........~.# .#
#.##~≈≈l~##~.# .#
#.##~≈~≈≈##..### .#
#~~~...~.~~.....
.######.~~.....~~.....


You could see an iguana, an adder, a river rat and 2 ball pythons.

Vanquished Creatures
  3 adders (Sewer)
  A river rat (Sewer)
  A worm (Sewer)
  2 giant cockroaches (Sewer)
  5 jackals (Sewer)
  2 quokkas (Sewer)
  6 ball pythons (Sewer)
  7 bats (Sewer)
  2 frilled lizards (Sewer)
29 creatures vanquished.

Notes
Turn   | Place    | Note
-------+----------+-------------------------------------------
     0 | D:5      | drugrobin the Demigod Delver began the quest for the Orb.
     0 | D:5      | Reached XP level 1. HP: 18/18 MP: 3/3
    28 | D:5      | Noticed an iguana
    57 | D:5      | Noticed an iguana
   116 | D:5      | Noticed an iguana
   137 | D:5      | Noticed Prince Ribbit
   156 | D:5      | Noticed a hound
   168 | D:5      | Found a glowing drain.
   177 | Sewer    | Entered a sewer
   463 | Sewer    | Reached XP level 2. HP: 20/25 MP: 4/4
  1068 | Sewer    | Reached XP level 3. HP: 16/30 MP: 5/5
  1371 | D:5      | Noticed a scorpion
  1375 | D:5      | Succumbed to an adder's poison

Illustrated notes

Levels and vault maps discovered:
D:5:      layout_basic, grunt_temple_overflow_open,
          minmay_temple_entry_enclosed_plants, cheibrodos_sewer_entry_sluice,
          moated_statue, uniq_prince_ribbit1

Skill      XL: |  1  2 |
---------------+-------+-----
Unarmed Combat | 2 3 |  3.9
Fighting       | |  2.6
Dodging        | |  1.7
Stealth        | |  4.5

Action                   || total
-------------------------++-------
Melee: Unarmed           ||   159
       Punch             ||     5
Evoke: Wand              ||     1
  Use: Scroll            ||     5
       Potion            ||     2
 Stab: Sleeping          ||     1
Armor: Leather armour    ||    73
Dodge: Dodged            ||   164

Table legend: (Time is in decaauts)
 A = Elapsed time spent in this place.
 B = Non-inter-level travel time spent in this place.
 C = Inter-level travel time spent in this place.
 D = Time resting spent in this place.
 E = Time spent auto-exploring this place.
 F = Levels seen in this place.
 G = Mean time per level.
                   A        B        C        D        E       F      G
               +--------+--------+--------+--------+--------+-----+--------+
         Total |   1585 |   1585 |      0 |    188 |    340 |   2 |  792.5 |
       Dungeon |    190 |    190 |      0 |      0 |      0 |   1 |  190.0 |
         Sewer |   1394 |   1394 |      0 |    188 |    340 |   1 | 1394.0 |
               +--------+--------+--------+--------+--------+-----+--------+

Top non-repeatable levels by time:
   Sewer: 1394 daAuts
     D:5: 190 daAuts
